 Dungeon Crawl Stone Soup version 0.29.1-4-g47bece8355 (webtiles) character file.

Game seed: 8694805249937881444

241 safid the Shooter (level 5, -4/48 HPs)
             Began as a Minotaur Hunter on Dec 5, 2022.
             Slain by a black bear (8 damage)
             ... on level 4 of the Dungeon.
             The game lasted 00:03:59 (2993 turns).

safid the Shooter (Minotaur Hunter)                 Turns: 2993, Time: 00:04:00

Health: -4/48      AC:  5    Str: 15    XL:     5   Next: 80%
Magic:  4/4        EV: 12    Int:  6    God:
Gold:   126        SH:  0    Dex: 16    Spells: 4/4 levels left

rFire   . . .      SeeInvis .   a - +0 shortbow
rCold   . . .      Faith    .   (shield currently unavailable)
rNeg    + . .      Spirit   .   c - +0 leather armour
rPois   +          Reflect  .   (helmet restricted)
rElec   .          Harm     .   h - +0 cloak
rCorr   .          Rampage  .   (no gloves)
Will    .....                   j - +0 pair of boots
Stlth   +.........              (no amulet)
HPRegen 0.16/turn               g - ring of positive energy
MPRegen 0.09/turn               r - ring of poison resistance

@: no status effects
A: horns 2, retaliatory headbutt
a: no special abilities


You were on level 4 of the Dungeon.
You visited 1 branch of the dungeon, and saw 4 of its levels.

You collected 126 gold pieces.

Inventory:

Hand Weapons
 a - a +0 shortbow (weapon)
Armour
 c - a +0 leather armour (worn)
 h - a +0 cloak (worn)
 j - a +0 pair of boots (worn)
Jewellery
 g - a ring of positive energy (left hand)
 r - a ring of poison resistance (right hand)
Scrolls
 b - a scroll of immolation
 e - 9 scrolls of identify {unknown}
 i - a scroll of fear {unknown}
 l - a scroll of enchant armour {unknown}
 m - a scroll of teleportation {unknown}
 n - a scroll of enchant weapon {unknown}
 o - a scroll of blinking {unknown}
 p - a scroll of noise {unknown}
 q - a scroll of summoning {unknown}
 t - a scroll of acquirement {unknown}
 v - a scroll of poison {unknown}
Potions
 d - a potion of attraction
 f - a potion of lignification {unknown}
 k - a potion of might {unknown}
 s - a potion of flight {unknown}
 u - a potion of ambrosia {unknown}
 w - a potion of degeneration {unknown}


   Skills:
 + Level 5.5 Fighting
 + Level 6.3 Ranged Weapons
 - Level 2.1 Dodging
 - Level 0.7 Stealth


You had 4 spell levels left.
You didn't know any spells.
Your spell library contained the following spells:

 Spells                   Type           Power      Damage    Failure   Level
 Shock                    Conj/Air       0%         1d3       52%         1
 Blink                    Tloc           0%         N/A       67%         2
 Frozen Ramparts          Ice            0%         1d1       88%         3
 Lesser Beckoning         Tloc           0%         N/A       88%         3
 Stone Arrow              Conj/Erth      0%         3d7       88%         3
 Swiftness                Air            0%         N/A       88%         3
 Airstrike                Air            0%         2d(0-16)  99%         4
 Animate Armour           Summ/Erth      0%         N/A       99%         4
 Ice Form                 Ice/Tmut       0%         N/A       99%         4
 Summon Ice Beast         Ice/Summ       0%         N/A       99%         4
 Manifold Assault         Tloc           0%         N/A       100%        5
 Lehudib's Crystal Spear  Conj/Erth      0%         10d2      100%        8


Dungeon Overview and Level Annotations

Branches:
Dungeon (4/15)
 Temple: D:4-7

Altars:

Shops:
D:3 *(


Innate Abilities, Weirdness & Mutations

You have a pair of horns on your head.
You reflexively headbutt those who attack you in melee.


Message History

You shoot an arrow. The arrow hits the black bear!
The black bear is almost dead.
The black bear rages.
You shoot an arrow. The arrow hits the black bear.
The black bear is almost dead.
The black bear bites you. The black bear claws you. x2
The black bear bites you! The black bear claws you.
The black bear closely misses you.
You are too injured to fight recklessly!
You are too injured to fight recklessly!
You are too injured to fight recklessly!
You are too injured to fight recklessly!
You are too injured to fight recklessly!
You are too injured to fight recklessly!
You are too injured to fight recklessly!
Fire: a) +0 shortbow
Press: ? - help, Q - select action Shift-Dir - straight line, f/p - black bear
Aim: a black bear (almost dead, berserk, 72% to hit)
You shoot an arrow.
The arrow completely misses the black bear.
The black bear misses you. x2
The black bear claws you but does no damage.
The black bear bites you!
* * * LOW HITPOINT WARNING * * *
The black bear claws you but does no damage.
The black bear barely misses you.
Unknown command.
Fire: a) +0 shortbow
Press: ? - help, Q - select action Shift-Dir - straight line, f/p - black bear
Aim: a black bear (almost dead, berserk, 72% to hit)
You shoot an arrow.
The arrow hits the black bear but does no damage.
The black bear is almost dead.
The black bear bites you!
* * * LOW HITPOINT WARNING * * *
The black bear claws you but does no damage.
The black bear claws you.
* * * LOW HITPOINT WARNING * * *
The black bear bites you!
You die...

######....# #....'....#
#....#....#
######....######
######....#....#...#.
#.........#†...#....#
#........)'....'....#
##############....#..###
.......@..........######
.......h......##'##.....
..............#..+......
..............#..##..##.
..............#..##..##.
....####......#.........
.... +..[...#.........
... #......#.........
##########


You could see a black bear (berserk).

Vanquished Creatures
  A hound (D:4)
  2 orc priests (D:3)
  An orc wizard (D:3)
  5 adders
  A worm (D:3)
  A dart slug (D:1)
  5 orcs
  7 ball pythons
  7 endoplasms
  4 giant cockroaches
  6 goblins
  9 hobgoblins
  4 quokkas (D:1)
  8 bats
  2 frilled lizards (D:3)
  6 kobolds
  4 rats
73 creatures vanquished.

Notes
Turn   | Place    | Note
-------+----------+-------------------------------------------
     0 | D:1      | safid the Minotaur Hunter began the quest for the Orb.
     0 | D:1      | Reached XP level 1. HP: 18/18 MP: 0/0
    48 | D:1      | Reached XP level 2. HP: 8/26 MP: 1/1
   835 | D:1      | Reached XP level 3. HP: 31/31 MP: 2/2
   843 | D:1      | Found a faded altar of an unknown god.
   873 | D:1      | Reached skill level 5 in Ranged Weapons
  1854 | D:3      | Found Risel's Antique Weapon Shoppe.
  1857 | D:3      | Reached XP level 4. HP: 40/40 MP: 3/3
  1962 | D:3      | Found Rod Quc's General Store.
  2023 | D:3      | Reached XP level 5. HP: 16/47 MP: 4/4
  2027 | D:3      | Reached skill level 5 in Fighting
  2027 | D:3      | Reached skill level 6 in Ranged Weapons
  2985 | D:4      | Noticed a black bear
  2993 | D:4      | Slain by a black bear

Illustrated notes

Levels and vault maps discovered:
D:1:      psy_arrival_terrarium, layout_loops_corners,
          chequers_ecumenical_altar_grove
D:2:      layout_basic, minmay_crystal_room
D:3:      layout_rooms, serial_shops, nicolae_shop_trees, nicolae_shop_stone
D:4:      layout_gridville, uniq_grinder, uniq_sigmund

Skill      XL: |  1  2  3  4  5 |
---------------+----------------+-----
Fighting       | 3 4 5 |  5.5
Ranged Weapons | 5 6 |  6.3
Dodging        | |  2.1
Stealth        | |  0.7

Action                   |  1- 3 |  4- 6 || total
-------------------------+-------+-------++-------
 Fire: Shortbow          |   111 |   114 ||   225
  Use: Potion            |       |     4 ||     4
Armor: Leather armour    |    18 |    26 ||    44
Dodge: Dodged            |    34 |    48 ||    82
